AoeStats
← JellyGolem

Arena

505561700Analyzed
2v2 RM · 24d ago on Sep 10, 2026· 35m 57s· 4 players
Game mode
Random Map
Map size
Medium (4 player)
Population
200
Speed
Normal
Resources
Standard
Victory
Conquest
Starting age
Dark Age
Ending age
Imperial Age
RankedLock teamsTeams togetherTeam positionsShared explorationLock speedFull tech treeHidden civsTurbo modeCheats
Victory
Defeat
🇧🇷 Britons · Brazil
923
+19
🇪🇸 Italians · Spain
922
+19
🇺🇸 Burgundians · United States
1032
-61
🇺🇸 Bohemians · United States
950
-17
Rubim
1:31 Loom
11:13 Feudal Age
12:09 Double-Bit Axe
12:04 Horse Collar
18:59 Castle Age
17:37 Gold Mining
17:40 Stone Mining
24:09 Fervor
24:06 Caravan
26:00 Ballistics
25:50 Fortified Wall
25:36 Murder Holes
25:51 Masonry
29:23 Fletching
29:35 Padded Archer Armor
30:34 Wheelbarrow
29:44 Town Watch
29:44 Loom
31:13 Gold Shaft Mining
30:40 Heavy Plow
30:52 Bow Saw
31:32 Hand Cart
32:46 Yeomen
32:24 Bodkin Arrow
32:45 Leather Archer Armor
32:06 Pikeman
32:42 Gambesons
33:05 Squires
32:51 Arson
34:28 Leather Archer Armor
34:26 Forging
34:17 Scale Mail Armor
34:33 Gambesons
38:12 Imperial Age
alejandro.cfs
14:41 Feudal Age
15:22 Loom
16:40 Wheelbarrow
20:10 Castle Age
20:12 Forging
27:24 Imperial Age
26:37 Fletching
26:59 Gold Mining
29:13 Chemistry
29:18 Bodkin Arrow
31:59 Bracer
JellyGolem
3:06 Loom
10:24 Feudal Age
10:55 Double-Bit Axe
16:17 Castle Age
14:25 Horse Collar
19:14 Fervor
20:43 Bow Saw
22:44 Wheelbarrow
22:42 Heavy Plow
23:55 Hand Cart
24:44 Ballistics
24:07 Treadmill Crane
24:38 Masonry
25:26 Town Watch
26:43 Fletching
27:59 Chemistry
26:56 Murder Holes
28:23 Bodkin Arrow
32:49 Imperial Age
30:47 Pikeman
31:31 Scale Mail Armor
31:41 Forging
30:53 Elite Skirmisher
32:50 Chain Mail Armor
32:36 Padded Archer Armor
32:40 Squires
33:33 Bracer
NMF
13:05 Feudal Age
15:00 Wheelbarrow
17:56 Castle Age
15:47 Double-Bit Axe
15:47 Horse Collar
18:34 Pikeman
19:16 Squires
24:02 Bow Saw
23:54 Heavy Plow
23:47 Gold Mining
28:15 Hand Cart
27:48 Town Watch
29:31 Stone Mining
30:19 Gold Shaft Mining
29:36 Light Cavalry
30:17 Husbandry
30:31 Town Patrol
32:20 Stone Shaft Mining
32:18 Crop Rotation
32:52 Two-Man Saw
35:30 Ballistics
37:46 Imperial Age
Connection lost

Rejoining the realm…

Still unreachable

The connection could not be restored.

Session expired

The server has moved on; the page needs a fresh start.